 Dungeon Crawl Stone Soup version 0.27-a0-676-gc1da3516c2 (webtiles) character file.

Game seed: 937220838441742576

46 Aapotti the Firebug (level 3, -8/26 HPs)
             Began as a Demigod Fire Elementalist on Mar 18, 2021.
             Killed by divine providence
             ... invoked by an orc priest
              (14 damage)
             ... on level 1 of the Dungeon.
             The game lasted 00:06:37 (1925 turns).

Aapotti the Firebug (Demigod Fire Elementalist)     Turns: 1925, Time: 00:06:39

Health: -8/26      AC:  3    Str:  9    XL:     3   Next: 26%
Magic:  1/8        EV: 12    Int: 21    God:
Gold:   37         SH:  0    Dex: 14    Spells: 2/6 levels left

rFire    . . .     SeeInvis .   h - +0 dagger
rCold    . . .     Faith    .   (no shield)
rNeg     . . .     Spirit   .   a - +0 robe
rPois    .         Reflect  .   (no helmet)
rElec    .         Harm     .   d - +0 cloak
rCorr    .         Rampage  .   (no gloves)
Will     .....                  (no boots)
Stlth    ++........             (no amulet)
HPRegen  0.08/turn              (no ring)
MPRegen  0.11/turn              (no ring)

@: no status effects
A: high mp 1, forlorn
a: no special abilities


You were on level 1 of the Dungeon.
You visited 1 branch of the dungeon, and saw 2 of its levels.

You collected 37 gold pieces.

Inventory:

Hand Weapons
 h - a +0 dagger (weapon)
Armour
 a - a +0 robe (worn)
 d - a +0 cloak (worn)
Jewellery
 g - a ring of flight
Scrolls
 f - a scroll of identify {unknown}
Potions
 b - 3 potions of curing {unknown}
 c - a potion of lignification {unknown}
 e - a potion of resistance {unknown}


   Skills:
 - Level 2.0 Dodging
 - Level 2.0 Stealth
 + Level 2.2 Spellcasting
 + Level 1.6 Conjurations
 + Level 3.3 Fire Magic


You had 2 spell levels left.
You knew the following spells:

 Your Spells              Type           Power      Damage    Failure   Level
a - Foxfire               Conj/Fire      48%        2x1d6     5%          1
b - Conjure Flame         Conj/Fire      12%        6-21      16%         3

Your spell library contained the following spells:

 Spells                   Type           Power      Damage    Failure   Level
 Inner Flame              Hex/Fire       9%         N/A       22%         3
 Sticky Flame             Conj/Fire      12%        2d4       45%         4
 Fireball                 Conj/Fire      6%         3d5       82%         5


Dungeon Overview and Level Annotations

Branches:
Dungeon (2/15)


Innate Abilities, Weirdness & Mutations

Your attributes grow dramatically as you level up.
You have an increased reservoir of magic. (+10% MP)
You shall have no god before yourself.


Message History

Confirm with . or Enter, or press ? or * to list all spells.
You conjure some foxfire!
The orc priest hits you with a +0 short sword.
* * * LOW HITPOINT WARNING * * *
Casting: Foxfire (safe; 5% risk of failure)
Confirm with . or Enter, or press ? or * to list all spells.
There is not enough space to conjure foxfire!
You hit the orc priest but do no damage.
The foxfire hits the orc priest.
The orc priest is moderately wounded.
The foxfire hits the orc priest but does no damage.
The orc priest is moderately wounded.
The orc priest barely misses you.
Casting: Foxfire (safe; 5% risk of failure)
Confirm with . or Enter, or press ? or * to list all spells.
You conjure some foxfire!
The orc priest barely misses you.
You closely miss the orc priest.
The orc priest is moderately wounded.
The foxfire hits the orc priest.
The orc priest is moderately wounded.
The foxfire hits the orc priest.
The orc priest is moderately wounded.
The orc priest barely misses you.
Casting: Foxfire (safe; 5% risk of failure)
Confirm with . or Enter, or press ? or * to list all spells.
You conjure some foxfire!
The orc priest barely misses you.
You closely miss the orc priest.
The orc priest is moderately wounded.
The foxfire hits the orc priest.
The orc priest is heavily wounded.
The foxfire hits the orc priest but does no damage.
The orc priest is heavily wounded.
The orc priest begins to cast a cantrip, but forgets the words!
Casting: Foxfire (safe; 5% risk of failure)
Confirm with . or Enter, or press ? or * to list all spells.
You conjure some foxfire!
The orc priest mumbles some strange prayers to Beogh against you.
Beogh smites you!
Ouch! That really hurt!
You die...

.....##§#####..#.#
............#..#.#
.....##.###.#....# .....##.#
#.#.#..# .....##.# #(#.#..#
.....##.# #.#.##.#
.....##.###.#.##.#
.....##.##..†.##v############
.....##.##..#.##@v..........#
.....##.#...####o##########.#
.....##.#......†..........#.#
.....##..........########.#.#
######.............# #.#.#
#.............# #.#.#
#.............# #.#.#
#.............# #.#.#
#.............# #.#.#


You could see an orc priest (ally target).

Vanquished Creatures
  An ooze (D:1)
  2 dart slugs (D:1)
  3 orcs
  3 giant cockroaches (D:1)
  2 goblins (D:1)
  6 hobgoblins
  2 quokkas
  5 bats (D:1)
  2 frilled lizards (D:1)
  3 kobolds (D:1)
  4 rats (D:1)
33 creatures vanquished.

Vanquished Creatures (others)
  105 foxfires
105 creatures vanquished.

Grand Total: 138 creatures vanquished

Notes
Turn   | Place    | Note
-------+----------+-------------------------------------------
     0 | D:1      | Aapotti the Demigod Fire Elementalist began the quest for
                  | the Orb.
     0 | D:1      | Reached XP level 1. HP: 14/14 MP: 5/5
    10 | D:1      | Noticed a minotaur skeleton
   427 | D:1      | Reached skill level 1 in Conjurations
   428 | D:1      | Reached skill level 3 in Fire Magic
   428 | D:1      | Reached XP level 2. HP: 20/20 MP: 0/7
  1579 | D:1      | Reached XP level 3. HP: 26/26 MP: 4/8
  1614 | D:1      | Learned a level 3 spell: Conjure Flame
  1925 | D:1      | Killed from afar by an orc priest

Illustrated notes

Levels and vault maps discovered:
D:1:      shiori_arrival_whats_in_store_for_you, layout_basic
D:2:      layout_loops_ring, tso_oasis_becter,
          nicolae_wu_jian_immortal_techniques, st_stairs_7

Skill      XL: |  1  2 |
---------------+-------+-----
Conjurations   | 1 |  1.6
Dodging        | 2 |  2.0
Stealth        | 2 |  2.0
Fire Magic     | 3 |  3.3
Spellcasting   | 2 |  2.2

Action                   || total
-------------------------++-------
Melee: Unarmed           ||    12
       Dagger            ||     4
 Cast: Foxfire           ||    70
Armor: Robe              ||     5
Dodge: Dodged            ||    30

Table legend: (Time is in decaauts)
 A = Elapsed time spent in this place.
 B = Non-inter-level travel time spent in this place.
 C = Inter-level travel time spent in this place.
 D = Time resting spent in this place.
 E = Time spent auto-exploring this place.
 F = Levels seen in this place.
 G = Mean time per level.
                   A        B        C        D        E       F      G
               +--------+--------+--------+--------+--------+-----+--------+
         Total |   1925 |   1907 |     18 |    758 |    801 |   2 |  962.5 |
       Dungeon |   1925 |   1907 |     18 |    758 |    801 |   2 |  962.5 |
               +--------+--------+--------+--------+--------+-----+--------+

Top non-repeatable levels by time:
     D:1: 1903 daAuts
     D:2: 22 daAuts
